 Dungeon Crawl Stone Soup version 0.18.1-6-gd335043 (webtiles) character file.

709 Charly the Grappler (level 7, -2/62 HPs)
             Began as a Troll Warper on May 18, 2016.
             Slain by an orc warrior
             ... wielding a +0 mace
              (5 damage)
             ... on level 6 of the Dungeon.
             The game lasted 00:13:40 (1078 turns).

Charly the Grappler (Troll Warper)                  Turns: 1078, Time: 00:13:41

Health: -2/62      AC:  5    Str: 20    XL:     7   Next: 40%
Magic:  7/7        EV: 10    Int:  9    God:
Gold:   71         SH:  0    Dex: 11    Spells: 1 memorised, 7 levels left

rFire  . . .     SeeInvis .       - Unarmed
rCold  . . .     Gourm    +     a - +0 robe
rNeg   . . .     Faith    .     (no shield)
rPois  .         Spirit   .     (helmet restricted)
rElec  .         Dismiss  .     (no cloak)
rCorr  .         Reflect  .     (gloves unavailable)
SustAt .         Harm     .     (boots unavailable)
MR     .....                    (no amulet)
Stlth  +.........               (no ring)
                                (no ring)

@: not resistant to hostile enchantments, very unstealthy
A: unfitting armour, claws 3, fast metabolism 3, gourmand, regeneration 2,
shaggy fur 1, tough skin 2
a: no special abilities


You were on level 6 of the Dungeon.
You were not hungry.

You visited 1 branch of the dungeon, and saw 6 of its levels.
You also visited: Sewer.

You collected 71 gold pieces.

Inventory:

Missiles
 d - 5 tomahawks of dispersal (quivered)
 j - 18 poisoned needles
Armour
 a - a +0 robe (worn)
Scrolls
 c - a scroll of blinking
 e - a scroll of identify
 h - a scroll of remove curse {unknown}
 k - 6 scrolls of teleportation {unknown}
 l - 2 scrolls of magic mapping {unknown}
 m - 3 scrolls of recharging {unknown}
 n - a scroll of noise {unknown}
 q - a scroll of fear {unknown}
Potions
 g - a potion of cancellation {unknown}
 i - 5 potions of curing
 o - 2 potions of might
 p - 2 potions of heal wounds
 s - a potion of ambrosia {unknown}
Books
 b - a book of Spatial Translocations

   Spells                             Type                      Level
   a - Apportation                    Translocation                1
   b - Blink                          Translocation                2
   c - Shroud of Golubria             Charms/Translocation         2
   d - Portal Projectile              Translocation                3
   e - Teleport Other                 Translocation                3
   f - Passage of Golubria            Translocation                4
Comestibles
 f - 4 bread rations
 r - 2 royal jellies


   Skills:
 - Level 1.5 Fighting
 - Level 0.8 Throwing
 - Level 1.9 Dodging
 + Level 8.4 Unarmed Combat
 - Level 1.2 Spellcasting
 - Level 2.1 Translocations


You had 7 spell levels left.
You knew the following spells:

 Your Spells              Type           Power        Failure   Level  Hunger
a - Apportation           Tloc           #.........   14%         1    ##.....


Dungeon Overview and Level Annotations

Branches:
Dungeon (6/15)
 Temple: D:4-7

Altars:
Qazlal
Ru

Shops:
D:4 :


Innate Abilities, Weirdness & Mutations

You are too large for most types of armour.
You have claws for hands.
Your metabolism is lightning-fast.
You like to eat raw meat.
You heal very quickly.
You are covered in fur (AC +1).
You have very tough skin (AC +2).


Message History

The orc hits you but does no damage. The orc barely misses you.
The orc hits you.
Unknown command.
You closely miss the orc warrior.
The orc warrior is almost dead.
The worker ant zombie closely misses you.
The orc warrior hits you with a mace!
* * * LOW HITPOINT WARNING * * *
The orc hits you with a falchion.
* * * LOW HITPOINT WARNING * * *
The orc hits you with a club.
* * * LOW HITPOINT WARNING * * *
The orc hits you.
* * * LOW HITPOINT WARNING * * *
Unknown command.
You scratch the orc warrior.
The orc warrior is almost dead.
The worker ant zombie barely misses you.
The orc warrior hits you with a mace.
You die...

#.........#
#.........#########
########...........
................
................
.................
.................
........oo######
.......oo@#
.......Zo#
.........#
.........#
.........#
.........#
.......$# ......[.#


You could see an orc warrior, 4 orcs and a worker ant zombie.

Vanquished Creatures
  An orc warrior (D:6)
  2 ogres
  2 giant frogs (Sewer)
  2 orc priests (D:6)
  An iguana (D:4)
  2 worker ants
  A worker ant zombie (D:6)
  3 gnolls
  8 adders
  4 river rats (Sewer)
  3 oozes
  A worm (D:2)
  An orc (D:6)
  14 ball pythons (Sewer)
  3 giant cockroaches
  2 goblins
  A hobgoblin (D:2)
  2 kobolds
  3 giant newts
  A quokka skeleton (D:4)
  23 rats (Sewer)
80 creatures vanquished.

Notes
Turn   | Place    | Note
--------------------------------------------------------------
     0 | D:1      | Charly the Troll Warper began the quest for the Orb.
     0 | D:1      | Reached XP level 1. HP: 19/19 MP: 1/1
    57 | D:1      | Reached skill level 3 in Unarmed Combat
    57 | D:1      | Reached XP level 2. HP: 27/27 MP: 2/2
    93 | D:2      | Reached XP level 3. HP: 26/33 MP: 3/3
   149 | D:2      | Reached skill level 4 in Unarmed Combat
   233 | D:4      | Noticed an ogre
   349 | D:4      | Reached XP level 4. HP: 27/41 MP: 4/4
   489 | D:4      | Found a glowing drain.
   497 | Sewer    | Entered a sewer
   557 | Sewer    | Reached skill level 5 in Unarmed Combat
   580 | Sewer    | Reached XP level 5. HP: 48/48 MP: 5/5
   724 | Sewer    | Reached skill level 6 in Unarmed Combat
   724 | Sewer    | Reached XP level 6. HP: 53/55 MP: 6/6
   827 | D:4      | Found Kazxavvof's Book Boutique.
   865 | D:4      | Reached skill level 7 in Unarmed Combat
   878 | D:3      | Found a stormy altar of Qazlal.
   908 | D:5      | Entered Level 5 of the Dungeon
   928 | D:5      | Found a sacrificial altar of Ru.
   948 | D:5      | Reached XP level 7. HP: 57/62 MP: 7/7
  1012 | D:6      | Reached skill level 8 in Unarmed Combat
  1077 | D:6      | HP: 3/62 [orc (1)]
  1078 | D:6      | Slain by an orc warrior

Skill      XL: |  1  2  3  4  5  6  7 |
---------------+----------------------+-----
Unarmed Combat | 3 4 5 6 7 8 |  8.4
Fighting       | |  1.5
Throwing       | |  0.8
Dodging        | |  1.9
Spellcasting   | |  1.2
Translocations | |  2.1

Action                   |  1- 3 |  4- 6 |  7- 9 || total
-------------------------+-------+-------+-------++-------
Melee: Unarmed           |    41 |   120 |    39 ||   200
       Punch             |       |     2 |     3 ||     5
  Use: Scroll            |       |       |     4 ||     4
       Potion            |       |       |     1 ||     1
 Stab: Sleeping          |       |     1 |       ||     1
  Eat: Beef jerky        |     1 |       |       ||     1
       Chunk             |       |     6 |     4 ||    10
Armor: Robe              |    14 |    58 |    11 ||    83
Dodge: Dodged            |    17 |    81 |    23 ||   121
